 Dungeon Crawl Stone Soup version 0.30.1-3-gfc49f6343a (webtiles) character file.

Game seed: 12585623669890135874

13 shmup the Firebug (level 2, -2/15 HPs)
             Began as a Tengu Fire Elementalist on July 23, 2023.
             Slain by a gnoll
             ... wielding a +0 spear
              (8 damage)
             ... on level 2 of the Dungeon.
             The game lasted 00:01:24 (878 turns).

shmup the Firebug (Tengu Fire Elementalist)          Turns: 878, Time: 00:01:25

Health: -2/15      AC:  2    Str: 14    XL:     2   Next: 37%
Magic:  5/6        EV: 12    Int: 15    God:
Gold:   60         SH:  0    Dex: 14    Spells: 4/5 levels left

rFire   . . .        q - +1 dagger (venom)
rCold   . . .        (no shield)
rNeg    . . .        a - +0 robe
rPois   .            (helmet restricted)
rElec   .            (no cloak)
rCorr   .            (no gloves)
SInv    .            (boots unavailable)
Will    .....        (no amulet)
Stlth   ++           j - ring of wizardry
HPRegen 0.22/turn    e - +6 ring of strength
MPRegen 0.10/turn

%: wizardry (x1)
@: no status effects
A: beak, talons 3
a: no special abilities


You were on level 2 of the Dungeon.
You visited 1 branch of the dungeon, and saw 2 of its levels.

You collected 60 gold pieces.

Inventory:

Hand Weapons
 k - a +0 hand axe
 q - a +1 dagger of venom (weapon)
Missiles
 o - 6 poisoned darts (quivered)
 p - 6 boomerangs of dispersal
Armour
 a - a +0 robe (worn)
Jewellery
 e - a +6 ring of strength (right hand)
 j - a ring of wizardry (left hand)
Scrolls
 g - 2 scrolls of immolation {unknown}
 h - a scroll of noise {unknown}
 l - a scroll of teleportation {unknown}
 n - a scroll of poison {unknown}
Potions
 b - a potion of magic
 c - a potion of heal wounds {unknown}
 d - 2 potions of berserk rage {unknown}
 f - a potion of lignification {unknown}
 i - a potion of degeneration {unknown}
 m - a potion of flight {unknown}


   Skills:
 - Level 2.1 Dodging
 - Level 2.0 Stealth
 - Level 2.0 Spellcasting
 + Level 2.1 Conjurations
 * Level 3.9 Fire Magic


You had 4 spell levels left.
You knew the following spells:

 Your Spells              Type           Power      Damage    Failure   Level
a - Foxfire               Conj/Fire      40%        2x1d6     2%          1

Your spell library contained the following spells:

 Spells                   Type           Power      Damage    Failure   Level
 Scorch                   Fire           26%        2d6       2%          2
 Inner Flame              Hex/Fire       7%         N/A       12%         3
 Volatile Blastmotes      Fire/Tloc      14%        2d11      12%         3
 Flame Wave               Conj/Fire      10%        2d6       26%         4


Dungeon Overview and Level Annotations

Branches:
Dungeon (2/15)

Altars:


Innate Abilities, Weirdness & Mutations

You have a beak for a mouth.
You have claws for feet.


Message History

The foxfire hits the gnoll but does no damage. x2
A gnoll comes into view. It is wielding a +0 whip.
The gnoll hits you from afar with a +0 spear.
Casting: Foxfire (safe; 2% risk of failure)
Confirm with . or Enter, or press ? or * to list all spells.
Okay, then.
Unknown command.
The gnoll barely misses you.
Casting: Foxfire (safe; 2% risk of failure)
Confirm with . or Enter, or press ? or * to list all spells.
You conjure some foxfire!
The foxfire hits the gnoll.
The gnoll is lightly wounded.
The gnoll hits you from afar with a +0 spear.
* * * LOW HITPOINT WARNING * * *
Your foxfire dissipates!
You see here a +0 robe.
The gnoll closely misses you.
There is an open door here.
There is an open door here.
Casting: Foxfire (safe; 2% risk of failure)
Confirm with . or Enter, or press ? or * to list all spells.
You conjure some foxfire!
The gnoll barely misses you.
The foxfire hits the gnoll.
The gnoll is lightly wounded.
The gnoll hits you from afar with a +0 spear.
* * * LOW HITPOINT WARNING * * *
Your foxfire dissipates!
Casting: Foxfire (safe; 2% risk of failure)
Confirm with . or Enter, or press ? or * to list all spells.
You conjure some foxfire!
The gnoll hits you from afar with a +0 spear.
* * * LOW HITPOINT WARNING * * *
The foxfire hits the gnoll.
The gnoll is heavily wounded.
The foxfire hits the gnoll.
The gnoll is severely wounded.
The gnoll hits you from afar with a +0 spear!
Ouch! That really hurt!
You die...

▒▒▒'▒▒▒▒ ▒▒...▒▒ .▒
▒.....▒▒ ▒▒▒ ▒.▒
.......▒▒ ▒▒.▒▒▒.▒
........▒▒▒▒...▒▒.▒
▒▒▒.....g..g%...▒.▒
▒.....▒▒▒▒...▒▒.▒▒
▒....▒▒ ▒▒.▒▒##.▒
▒...▒▒ ▒gg.Q..▒
▒..▒▒ ▒.▒▒#<.▒ ▒+▒
▒.▒▒▒▒▒▒ ▒.▒ ▒.▒
▒.▒ ..▒ ..▒ .▒▒


You could see 2 gnolls.

Vanquished Creatures
  A giant cockroach (D:1)
  A goblin (D:1)
  2 hobgoblins (D:1)
  A quokka (D:1)
  2 bats (D:1)
  3 frilled lizards
  3 rats
13 creatures vanquished.

Vanquished Creatures (others)
  30 foxfires
30 creatures vanquished.

Grand Total: 43 creatures vanquished

Notes
Turn   | Place    | Note
-------+----------+-------------------------------------------
     0 | D:1      | shmup the Tengu Fire Elementalist began the quest for the
                  | Orb.
     0 | D:1      | Reached XP level 1. HP: 10/10 MP: 4/4
    64 | D:1      | Found a faded altar of an unknown god.
   281 | D:1      | Reached XP level 2. HP: 15/15 MP: 3/6
   878 | D:2      | Slain by a gnoll

Illustrated notes

Levels and vault maps discovered:
D:1:      ncdulo_smallfort, layout_basic, ebering_ecumenical_altar_ruins
D:2:      cheibrodos_greedy_goblins, layout_loops_corners, basic_altar,
          serial_bayou_crossing, uniq_crazy_yiuf_cottage

Skill      XL: |  1  2 |
---------------+-------+-----
Conjurations   | 2 |  2.1
Dodging        | |  2.1
Stealth        | |  2.0
Spellcasting   | |  2.0
Fire Magic     | |  3.9

Action                     || total
---------------------------++-------
  Melee: Unarmed           ||     2
         Kick              ||     1
         Hand axe          ||     1
   Cast: Foxfire           ||    22
  Dodge: Dodged            ||    10
